 Dungeon Crawl Stone Soup version 0.28.0-53-g5a82cb258f (webtiles) character file.

Game seed: 5971175922639130602

62 LynnLen the Sneak (level 3, 0/24 HPs)
             Began as a Vampire Enchanter on Aug 1, 2022.
             Slain by Grinder (1 damage)
             ... on level 3 of the Dungeon.
             The game lasted 00:08:19 (1792 turns).

LynnLen the Sneak (Vampire Enchanter)               Turns: 1792, Time: 00:08:20

Health: 0/24       AC:  3    Str:  7    XL:     3   Next: 85%
Magic:  3/6        EV: 12    Int: 23    God:
Gold:   103        SH:  0    Dex: 16    Spells: 0/6 levels left

rFire   . . .      SeeInvis +   a - +3 dagger
rCold   . . .      Faith    .   (no shield)
rNeg    . . .      Spirit   .   f - +0 leather armour
rPois   .          Reflect  .   (no helmet)
rElec   .          Harm     .   (no cloak)
rCorr   .          Rampage  .   (no gloves)
Will    .....                   (no boots)
Stlth   +++.......              (no amulet)
HPRegen 0.28/turn               e - +6 ring of intelligence
MPRegen 0.10/turn               (no ring)

@: healing quickly
A: alive, fangs 3, see invisible, vampiric 2
a: Exsanguinate


You were on level 3 of the Dungeon.
You visited 1 branch of the dungeon, and saw 3 of its levels.

You collected 103 gold pieces.

Inventory:

Hand Weapons
 a - a +3 dagger (weapon)
Missiles
 h - 6 javelins (quivered)
 j - a throwing net
 l - 22 stones
Armour
 b - a +0 robe
 f - a +0 leather armour (worn)
Jewellery
 e - a +6 ring of intelligence (left hand)
Scrolls
 c - a scroll of amnesia {unknown}
Potions
 d - a potion of brilliance
 g - a potion of mutation {unknown}
 i - a potion of lignification {unknown}
 k - a potion of might {unknown}
 m - 2 potions of haste {unknown}
 n - a potion of heal wounds {unknown}


   Skills:
 * Level 2.9 Short Blades
 * Level 3.0 Dodging
 + Level 5.4 Stealth
 - Level 2.0 Spellcasting
 - Level 4.4 Hexes


You couldn't memorise any spells.
You knew the following spells:

 Your Spells              Type           Power      Damage    Failure   Level
a - Confusing Touch       Hex            22%        N/A       10%         3
b - Tukima's Dance        Hex            22%        N/A       10%         3

Your spell library contained the following spells:

 Spells                   Type           Power      Damage    Failure   Level
 Ensorcelled Hibernation  Hex/Ice        24%        N/A       12%         2
 Dazzling Flash           Conj/Hex       24%        N/A       24%         3
 Sublimation of Blood     Necr           2%         N/A       28%         2
 Petrify                  Tmut/Erth      2%         N/A       88%         4
 Irradiate                Conj/Tmut      1%         3d13      99%         5


Dungeon Overview and Level Annotations

Branches:
Dungeon (3/15)

Altars:

Shops:
D:2 (

Annotations:
D:3 Grinder


Innate Abilities, Weirdness & Mutations

Your natural rate of healing is accelerated.
You have razor-sharp teeth.
You have supernaturally acute eyesight. (SInv)
You are afflicted with vampirism and can become a bat while bloodless.


Message History

You barely miss the quokka. Your bite misses the quokka.
The quokka is lightly wounded.
The quokka bites you.
You miss the quokka. You bite the quokka.
The quokka is severely wounded.
The quokka barely misses you.
You hit the quokka.
You kill the quokka!
You start resting.
HP restored.
Found an orange potion.
Grinder comes into view.
Casting: Confusing Touch (quite dangerous; 10% risk of failure)
Confirm with . or Enter, or press ? or * to list all spells.
The spell is quite dangerous to miscast (10% risk of failure)!
Continue anyway?
Your hands begin to glow red.
Grinder shouts!
Grinder hits you.
You hit Grinder but do no damage. Grinder barely misses you.
You hit Grinder but do no damage.
Grinder appears confused.
Grinder barely misses you.
You hit Grinder.
Grinder is lightly wounded.
Grinder hits you but does no damage.
You hit Grinder. You bite Grinder, but do no damage.
Grinder is lightly wounded.
Grinder hits you.
You writhe in agony.
You hit Grinder.
Grinder is lightly wounded.
Grinder hits you.
You writhe in agony.
Grinder hits herself.
You hit Grinder but do no damage.
Grinder is moderately wounded.
You hit Grinder.
Grinder is moderately wounded.
You hit Grinder but do no damage.
Grinder is moderately wounded.
Grinder hits you!
* * * LOW HITPOINT WARNING * * *
You writhe in agony.
You die...

##.... .. #..#.# #.
##..... ##... ...#.#
#.... #.... #.... #...
#!#.# #..< #5#.# #...
#######@#.# ##.#
........#.##### #.#
#############....†.#
#.#
#..............###.##
#.#
#.#####.######.##...##
#.# # ##.#.#
#.#.###.######.#
##.###.####.#.
#......... #.##
##.....# #.######..
##.###.###### ..## ###


You could see Grinder (confused).

Vanquished Creatures
  2 adders (D:2)
  A dart slug (D:1)
  5 ball pythons
  5 endoplasms
  A giant cockroach (D:1)
  7 goblins
  4 hobgoblins (D:1)
  5 kobolds
  2 quokkas (D:3)
  A bat (D:2)
  3 frilled lizards
  4 rats
40 creatures vanquished.

Notes
Turn   | Place    | Note
-------+----------+-------------------------------------------
     0 | D:1      | LynnLen the Vampire Enchanter began the quest for the Orb.
     0 | D:1      | Reached XP level 1. HP: 13/13 MP: 3/3
   210 | D:1      | Reached XP level 2. HP: 16/19 MP: 5/5
   230 | D:1      | Found a faded altar of an unknown god.
   369 | D:1      | Reached skill level 5 in Stealth
   759 | D:2      | Found Vefy's Weapon Emporium.
   859 | D:2      | Gained mutation: You are afflicted with vampirism and can
                  | become a bat while bloodless. [Vampire growth]
   859 | D:2      | Reached XP level 3. HP: 24/24 MP: 6/6
   877 | D:2      | Learned a level 3 spell: Confusing Touch
   881 | D:2      | Learned a level 3 spell: Tukima's Dance
  1579 | D:3      | Noticed a steam dragon
  1781 | D:3      | Noticed Grinder
  1792 | D:3      | HP: 1/24 [Grinder (8)]
  1792 | D:3      | Slain by Grinder

Illustrated notes

Levels and vault maps discovered:
D:1:      nzn_arrival_water_spiral, layout_loops_ring,
          shapermc_ecumenical_altar_pompeii
D:2:      layout_rooms, serial_shops, shop
D:3:      layout_loops_ring, serial_glass, glass_columns_a, glass_columns_a,
          minmay_ruptured, uniq_grinder

Skill      XL: |  1  2  3 |
---------------+----------+-----
Stealth        | 5 |  5.4
Short Blades   | 2 |  2.9
Dodging        | 3 |  3.0
Spellcasting   | |  2.0
Hexes          | |  4.4

Action                   || total
-------------------------++-------
Melee: Dagger            ||   145
       Bite              ||    10
       Punch             ||     2
 Cast: Confusing Touch   ||     2
  Use: Scroll            ||     4
       Potion            ||     1
 Stab: Sleeping          ||     4
       Invisible         ||     1
       Distracted        ||     1
Armor: Robe              ||     6
       Leather armour    ||    12
Dodge: Dodged            ||    88
